 Dungeon Crawl Stone Soup version 0.27-a0-279-gdfb9265905 (webtiles) character file.

Game seed: 16705535321019313040

45 Fenrir042 the Conjurer (level 3, -2/24 HPs)
             Began as a Demonspawn Conjurer on Feb 7, 2021.
             Slain by a gnoll
             ... wielding a +0 spear
              (10 damage)
             ... on level 2 of the Dungeon.
             The game lasted 00:03:18 (1725 turns).

Fenrir042 the Conjurer (Demonspawn Conjurer)        Turns: 1725, Time: 00:03:18

Health: -2/24      AC:  2    Str:  7    XL:     3   Next: 42%
Magic:  1/6        EV: 12    Int: 20    God:
Gold:   116        SH:  0    Dex: 11    Spells: 3/6 levels left

rFire    . . .     SeeInvis .   (no weapon)
rCold    . . .     Faith    .   (no shield)
rNeg     . . .     Spirit   .   a - +0 robe
rPois    .         Reflect  .   (no helmet)
rElec    .         Harm     .   (no cloak)
rCorr    .         Rampage  .   (no gloves)
Will     .....                  (no boots)
Stlth    ++........             (no amulet)
HPRegen  0.08/turn              (no ring)
MPRegen  0.10/turn              (no ring)

@: no status effects
A: demonic guardian 1, spiny 1
a: no special abilities


You were on level 2 of the Dungeon.
You visited 1 branch of the dungeon, and saw 2 of its levels.

You collected 116 gold pieces.

Inventory:

Armour
 a - a +0 robe (worn)
Scrolls
 b - a scroll of identify {unknown}
 f - a scroll of noise {unknown}
Potions
 c - a potion of degeneration {unknown}
 d - 2 potions of attraction {unknown}
 e - a potion of ambrosia {unknown}
 g - a potion of lignification {unknown}


   Skills:
 - Level 1.7 Dodging
 - Level 1.7 Stealth
 * Level 2.4 Spellcasting
 + Level 5.0 Conjurations


You had 3 spell levels left.
You knew the following spells:

 Your Spells              Type           Power        Failure   Level
a - Magic Dart            Conj           88%          1%          1
b - Searing Ray           Conj           44%          3%          2

Your spell library contained the following spells:

 Spells                   Type           Power        Failure   Level
 Dazzling Flash           Conj/Hex       24%          16%         3
 Fulminant Prism          Conj/Hex       6%           47%         4
 Iskenderun's Mystic Bla  Conj/Tloc      12%          47%         4


Dungeon Overview and Level Annotations

Branches:
Dungeon (2/15)

Altars:


Innate Abilities, Weirdness & Mutations

A weak demonic guardian rushes to your aid.
You are partially covered in sharp spines.


Message History

You kill the gnoll!
The searing ray hits the gnoll!
The gnoll is heavily wounded.
Your Conjurations skill increases to level 5!
Without enough magic to sustain it, your searing ray dissipates.
Casting: Searing Ray (safe; 3% risk of failure)
Confirm with . or Enter, or press ? or * to list all spells.
You don't have enough magic to cast that spell.
Unknown command.
The gnoll hits you with a +0 spear!
You barely miss the gnoll.
The gnoll is heavily wounded.
The gnoll is struck by your spines. The gnoll closely misses you.
You hit the gnoll but do no damage.
The gnoll is severely wounded.
The gnoll hits you with a +0 spear.
You hit the gnoll but do no damage.
The gnoll is severely wounded.
The gnoll hits you with a +0 spear!
You die...

### ... ##.#### .....#
...######.##.#
.....)g@..##.#
##.#####.....#
#......##.#
#####..##.# #..##.#
#..##.#
.##.#####..##.########
>....................#
.#######...##........#


You could see a gnoll.

Vanquished Creatures
  2 gnolls (D:2)
  A leopard gecko (D:1)
  2 bats (D:1)
  A giant cockroach (D:1)
  5 goblins (D:1)
  5 hobgoblins
  4 kobolds (D:1)
  A rat (D:1)
21 creatures vanquished.

Vanquished Creatures (collateral kills)
  A hobgoblin (D:1)
1 creature vanquished.

Grand Total: 22 creatures vanquished

Notes
Turn   | Place    | Note
-------+----------+-------------------------------------------
     0 | D:1      | Fenrir042 the Demonspawn Conjurer began the quest for the
                  | Orb.
     0 | D:1      | Reached XP level 1. HP: 13/13 MP: 3/3
   218 | D:1      | Gained mutation: A weak demonic guardian rushes to your
                  | aid. [demonic ancestry]
   218 | D:1      | Reached XP level 2. HP: 19/19 MP: 1/5
  1157 | D:1      | Learned a level 2 spell: Searing Ray
  1720 | D:2      | Gained mutation: You are partially covered in sharp spines.
                  | [demonic ancestry]
  1720 | D:2      | Reached XP level 3. HP: 24/24 MP: 1/6
  1721 | D:2      | Reached skill level 5 in Conjurations
  1725 | D:2      | Slain by a gnoll

Illustrated notes

Levels and vault maps discovered:
D:1:      zaba_arrival_water, layout_loops_corners,
          chequers_serial_rivers_small_a
D:2:      layout_basic, nicolae_overflow_hidden_temple, kennysheep_donut,
          minmay_tiny_reverse_x

Skill      XL: |  1  2  3 |
---------------+----------+-----
Conjurations   | 5 |  5.0
Dodging        | |  1.7
Stealth        | |  1.7
Spellcasting   | |  2.4

Action                   || total
-------------------------++-------
Melee: Unarmed           ||    37
 Cast: Magic Dart        ||    42
       Searing Ray       ||     1
Armor: Robe              ||     6
Dodge: Dodged            ||    31

Table legend: (Time is in decaauts)
 A = Elapsed time spent in this place.
 B = Non-inter-level travel time spent in this place.
 C = Inter-level travel time spent in this place.
 D = Time resting spent in this place.
 E = Time spent auto-exploring this place.
 F = Levels seen in this place.
 G = Mean time per level.
                   A        B        C        D        E       F      G
               +--------+--------+--------+--------+--------+-----+--------+
         Total |   1733 |   1705 |     28 |    318 |   1200 |   2 |  866.5 |
       Dungeon |   1733 |   1705 |     28 |    318 |   1200 |   2 |  866.5 |
               +--------+--------+--------+--------+--------+-----+--------+

Top non-repeatable levels by time:
     D:1: 1635 daAuts
     D:2: 97 daAuts
